 Dungeon Crawl Stone Soup version 0.28-a0-768-g8c92f1e708 (webtiles) character file.

Game seed: 15744167950838321015

459 Conn the Firebug (level 7, -1/64 HPs)
             Began as an Octopode Fire Elementalist on Oct 31, 2021.
             Was an Initiate of Sif Muna.
             Engulfed by a cloud of flame (4 damage)
             ... on level 4 of the Dungeon.
             The game lasted 00:12:51 (4618 turns).

Conn the Firebug (Octopode Fire Elementalist)       Turns: 4618, Time: 00:12:52

Health: -1/64      AC: 23    Str:  7 (8)  XL:     7   Next: 6%
Magic:  3/12       EV:  2    Int: 19      God:    Sif Muna [......]
Gold:   127        SH:  0    Dex: 16 (18) Spells: 6/13 levels left

rFire   + . .      SeeInvis .   b - +2 dagger (speed)
rCold   . . .      Faith    .   (no shield)
rNeg    . . .      Spirit   .   (helmet currently unavailable)
rPois   +          Reflect  .   (no amulet)
rElec   .          Harm     .   m - ring of protection from fire
rCorr   .          Rampage  .   n - +6 ring of dexterity
Will    .....      NoTele   +   (no ring)
Stlth   +++.......              (no ring)
HPRegen 0.20/turn               (no ring)
MPRegen 0.13/turn               (no ring)
                                (no ring)
                                (no ring)

@: mighty, tree-form (expiring)
A: stationary, stasis, torment immunity, boosted hp, almost no armour,
(amphibious), 8 rings, (camouflage 1), (gelatinous body 1), (nimble swimmer 1),
(tentacles)
a: Renounce Religion


You were on level 4 of the Dungeon.
You worshipped Sif Muna.
Sif Muna was noncommittal.
You were a tree.
You visited 2 branches of the dungeon, and saw 6 of its levels.

You collected 127 gold pieces.

Inventory:

Hand Weapons
 b - a +2 dagger of speed (weapon)
Missiles
 h - 14 poisoned darts (quivered)
Armour
 c - a +0 kite shield
 i - a +0 buckler
Jewellery
 m - a ring of protection from fire (left branch)
 n - a +6 ring of dexterity (right branch)
Scrolls
 a - a scroll of teleportation
 f - 2 scrolls of identify
Potions
 g - a potion of attraction


   Skills:
 + Level 1.0 Fighting
 + Level 0.4 Short Blades
 + Level 0.3 Throwing
 + Level 2.6 Dodging
 + Level 4.2 Stealth
 + Level 3.5 Spellcasting
 * Level 3.1 Conjurations
 * Level 4.7 Fire Magic
 * Level 1.6 Invocations


You had 6 spell levels left.
You knew the following spells:

 Your Spells              Type           Power      Damage    Failure   Level
a - Foxfire               Conj/Fire      72%        2x1d7     2%          1
b - Conjure Flame         Conj/Fire      18%        6-21      9%          3
c - Inner Flame           Hex/Fire       12%        N/A       16%         3

Your spell library contained the following spells:

 Spells                   Type           Power      Damage    Failure   Level
 Scorch                   Fire           42%        2d7       3%          2
 Flame Wave               Conj/Fire      18%        3d5       28%         4
 Summon Cactus Giant      Summ           1%         N/A       100%        6


Dungeon Overview and Level Annotations

Branches:
Dungeon (5/15)             Temple (1/1) D:4

Altars:
Ashenzari
Cheibriados
Elyvilon
Fedhas
Hepliaklqana
Makhleb
Okawaru
Ru
Sif Muna
Trog
Uskayaw
Vehumet
Wu Jian
Xom
Zin


Innate Abilities, Weirdness & Mutations

You are a tree.
Your roots penetrate the ground, keeping you stationary.
You cannot be teleported.
You are immune to unholy pain and torment.
Your maximum health is greatly increased.
You cannot wear most types of armour.
((You are amphibious.))
You can wear up to eight rings at the same time.
((Your skin changes colour to match your surroundings (Stealth+).))
((Your rubbery body absorbs attacks. (AC +1, EV +1)))
((You are camouflaged near water. (Stealth+)))
((You have tentacles for arms and can constrict up to eight enemies at once.))


Message History

The fiery explosion engulfs you! You resist.
You feel your strength returning.
Your Fighting skill increases to level 1!
Your Conjurations skill increases to level 3!
You have reached level 7!
You cannot move.
Okay, then.
As you read the scroll labelled BYPTOGRUOSH, it crumbles to dust.
It is a scroll of identify.
You don't have any unidentified items.
You are engulfed in blazing flames.
You resist.
You are engulfed in blazing flames.
You resist.
You are engulfed in blazing flames.
You resist.
You are engulfed in blazing flames.
You resist.
You are engulfed in blazing flames.
You resist.
You are engulfed in blazing flames.
You resist.
You are engulfed in blazing flames.
You resist.
* * * LOW HITPOINT WARNING * * *
You are engulfed in blazing flames.
You resist.
* * * LOW HITPOINT WARNING * * *
Your transformation is almost over.
You are engulfed in blazing flames.
You resist.
* * * LOW HITPOINT WARNING * * *
You are engulfed in blazing flames.
You resist.
* * * LOW HITPOINT WARNING * * *
You feel much better.
You are engulfed in blazing flames.
You resist.
You are engulfed in blazing flames.
You resist.
You are engulfed in blazing flames.
You resist.
* * * LOW HITPOINT WARNING * * *
You are engulfed in blazing flames.
You resist.
* * * LOW HITPOINT WARNING * * *
You are engulfed in blazing flames.
You resist.
* * * LOW HITPOINT WARNING * * *
Press: ? - help, v - describe, . - travel The floor, spattered with blood.
There is a cloud of flame here.
Okay, then.
Okay, then.
You are engulfed in blazing flames.
You resist.
You die...

#...##.....## #...#.......##
#............# #.(..........#
#..e.........# #............#
################## #.##..........
.................###.###.........
#..#############♣)○(..((....)....
##.......# ####..(#(.........
#######.# #.#.#<......... #.##
##.#..)......... ..
#..########..#)...........
..####............#...........
#..........#####..##))...........
#..........#.....#.....#.##.#....
#............###....###...#......


There were no monsters in sight!

Vanquished Creatures
  Duvessa (D:4)
  Dowan (D:4)
  A water moccasin skeleton (D:4)
  2 orc priests
  An orc wizard (D:4)
  2 hound skeletons (D:4)
  4 adders
  A worm (D:2)
  A dart slug (D:3)
  19 orcs
  4 ball pythons
  5 endoplasms
  5 giant cockroaches
  3 goblins
  8 hobgoblins
  3 kobolds
  4 quokkas
  9 bats
  2 frilled lizards (D:1)
  5 rats
81 creatures vanquished.

Vanquished Creatures (others)
  281 foxfires
281 creatures vanquished.

Grand Total: 362 creatures vanquished

Notes
Turn   | Place    | Note
-------+----------+-------------------------------------------
     0 | D:1      | Conn the Octopode Fire Elementalist began the quest for the
                  | Orb.
     0 | D:1      | Reached XP level 1. HP: 11/11 MP: 3/3
   442 | D:1      | Reached XP level 2. HP: 17/17 MP: 1/5
   628 | D:1      | Found a faded altar of an unknown god.
  1119 | D:2      | Reached XP level 3. HP: 21/21 MP: 2/6
  1939 | D:2      | Reached XP level 4. HP: 27/27 MP: 2/7
  3189 | D:4      | Found a staircase to the Ecumenical Temple.
  3192 | D:4      | Reached XP level 5. HP: 32/32 MP: 2/9
  3209 | Temple   | Entered the Ecumenical Temple
  3324 | Temple   | Became a worshipper of Sif Muna the Loreminder
  3421 | D:5      | Entered Level 5 of the Dungeon
  4005 | D:4      | Noticed Duvessa
  4008 | D:4      | Noticed Dowan
  4038 | D:3      | Learned a level 3 spell: Conjure Flame
  4042 | D:3      | Learned a level 3 spell: Inner Flame
  4177 | D:4      | Reached XP level 6. HP: 22/37 MP: 5/10
  4181 | D:4      | Reached skill level 1 in Invocations
  4591 | D:4      | Killed Duvessa
  4602 | D:4      | Killed Dowan
  4603 | D:4      | Reached skill level 1 in Fighting
  4603 | D:4      | Reached XP level 7. HP: 43/43 MP: 1/12
  4617 | D:4      | HP: 3/64 [cloud of flame (11)]
  4618 | D:4      | Engulfed by a cloud of flame

Illustrated notes

Levels and vault maps discovered:
D:1:      minmay_arrival_wavy_path, layout_basic,
          dreamdust_ecumenical_altar_grove
D:2:      layout_basic
D:3:      layout_basic, kennysheep_generic_room_9
D:4:      layout_rooms, minmay_temple_entry_purple_smoke, uniq_duvessa
D:5:      layout_loops_ring
Temple:   regret_index_temple_sigil_plot

Skill      XL: |  1  2  3  4  5  6 |
---------------+-------------------+-----
Stealth        | 3 4 |  4.2
Fire Magic     | 4 |  4.7
Conjurations   | 2 3 |  3.1
Spellcasting   | 3 |  3.5
Invocations    | 1 |  1.6
Fighting       | 1 |  1.0
Short Blades   | |  0.4
Throwing       | |  0.3
Dodging        | |  2.6

Action                   |  1- 3 |  4- 6 |  7- 9 || total
-------------------------+-------+-------+-------++-------
Melee: Unarmed           |     1 |       |       ||     1
       Dagger            |    18 |    41 |       ||    59
       Constrict         |     4 |    11 |       ||    15
       Tentacles         |       |     6 |       ||     6
Throw: Dart              |       |    10 |       ||    10
 Cast: Foxfire           |    65 |   103 |       ||   168
       Conjure Flame     |       |     2 |       ||     2
       Inner Flame       |       |     1 |       ||     1
  Use: Potion            |     1 |     8 |     1 ||    10
       Scroll            |       |     3 |     1 ||     4
 Stab: Sleeping          |     2 |     1 |       ||     3
Armor: Skin              |     2 |     3 |     1 ||     6
Dodge: Dodged            |    24 |    35 |       ||    59

Table legend: (Time is in decaauts)
 A = Elapsed time spent in this place.
 B = Non-inter-level travel time spent in this place.
 C = Inter-level travel time spent in this place.
 D = Time resting spent in this place.
 E = Time spent auto-exploring this place.
 F = Levels seen in this place.
 G = Mean time per level.
                   A        B        C        D        E       F      G
               +--------+--------+--------+--------+--------+-----+--------+
         Total |   4602 |   4545 |     57 |    570 |   2903 |   6 |  767.0 |
       Dungeon |   4461 |   4429 |     32 |    570 |   2807 |   5 |  892.2 |
        Temple |    140 |    115 |     25 |      0 |     96 |   1 |  140.0 |
               +--------+--------+--------+--------+--------+-----+--------+

Top non-repeatable levels by time:
     D:1: 1463 daAuts
     D:3: 1168 daAuts
     D:4: 1073 daAuts
     D:2: 753 daAuts
  Temple: 140 daAuts
     D:5: 2 daAuts
